 Dungeon Crawl Stone Soup version 0.23-a0-558-g30802b1 (webtiles) character file.

193242 iamserjio the Warrior (level 18, -7/135 HPs)
             Began as an Octopode Wanderer on Dec 12, 2018.
             Was the Champion of Ru.
             Mangled by an azure jelly (16 damage)
             ... on level 3 of the Pits of Slime.
             The game lasted 02:14:12 (48228 turns).

iamserjio the Warrior (Octopode Wanderer)          Turns: 48228, Time: 02:14:13

Health: -7/135     AC: 11    Str: 25    XL:     18   Next: 71%
Magic:  48/48      EV: 24    Int: 21    God:    Ru [******]
Gold:   3376       SH:  0    Dex: 11    Spells: 0/33 levels left

rFire    x . .     SeeInvis .   o - +6 double sword (vamp)
rCold    + . .     Gourm    .   (no shield)
rNeg     . . .     Faith    .   s - +2 hat
rPois    +         Spirit   .   t - amulet of the acrobat
rElec    +         Reflect  .   X - ring of the Mage {Wiz MR++ Int+3}
rCorr    +         Harm     .   l - ring of resist corrosion
MR       +++..                  c - ring of Robustness {AC+8}
Stlth    +++++++...             j - ring of the Turtledove {rElec Str+5 Slay+2}
HPRegen  0.32/turn              h - ring "Derul" {EV+4 Str+5 Int+2 Dex-5 Stlth+}
MPRegen  0.31/turn              T - ring of magical power
                                y - ring "Mostrash" {rElec MP+9 Int+4}
                                I - ring of ice

@: no potions, studying Air Magic, deflect missiles
A: almost no armour, stealthy swim, amphibious, 8 rings, constrict 8, camouflage
1, dopey 1, poison resistance, gelatinous body 1, inability to drink while
threatened, inability to use devices, inexperienced 1, missing an eye
a: Draw Out Power, Power Leap, Apocalypse, Renounce Religion


You were on level 3 of the Pits of Slime.
You worshipped Ru.
Ru was exalted by your worship.
You were not hungry.

You visited 6 branches of the dungeon, and saw 30 of its levels.
You also visited: Gauntlet and Ice Cave.

You collected 4777 gold pieces.
You spent 1401 gold pieces at shops.

Inventory:

Hand Weapons
 a - a +6 dagger
 o - a +6 vampiric double sword (weapon)
 p - the +5 scimitar "Ujinlove" {freeze, rC+ Str+2 Dex+4 Stlth+}
   (You took it off a minotaur in a Gauntlet)

   It has been specially enchanted to freeze those struck by it, causing extra
   injury to most foes and up to half again as much damage against particularly
   susceptible opponents.
   It can also slow down cold-blooded creatures.
   It affects your strength (+2).
   It affects your dexterity (+4).
   It protects you from cold.
   It makes you more stealthy.
 w - the +8 scimitar "Tuceg" {slice, +Inv Str+4 Stlth+}
   (You bought it in a shop on level 2 of the Orcish Mines)

   It inflicts extra damage upon your enemies.
   It affects your strength (+4).
   It lets you turn invisible.
   It makes you more stealthy.
 z - the +4 scimitar of the Madman {speed, Dex+7}
   (You found it on level 13 of the Dungeon)

   Attacks with this weapon are significantly faster.
   It affects your dexterity (+7).
 J - the +10 zealot's sword {holy, *Rage rN+ EV+3}
   (You found it on level 3 of the Elven Halls)

   It has been blessed by the Shining One to cause great damage to the undead
   and demons.
   It affects your evasion (+3).
   It protects you from negative energy.
   It may make you go berserk in combat.
Missiles
 G - a throwing net (quivered) {!f}
Armour
 s - a +2 hat (worn)
 K - a +0 shield
Magical Staves
 A - an uncursed staff of wizardry
Jewellery
 c - the ring of Robustness (on tentacle) {AC+8}
   (You found it in a Gauntlet)

   [ring of protection]

   It affects your AC (+8).
 h - the ring "Derul" (on tentacle) {EV+4 Str+5 Int+2 Dex-5 Stlth+}
   (You took it off a minotaur in a Gauntlet)

   [ring of evasion]

   It affects your evasion (+4).
   It affects your strength (+5).
   It affects your intelligence (+2).
   It affects your dexterity (-5).
   It makes you more stealthy.
 j - the ring of the Turtledove (on tentacle) {rElec Str+5 Slay+2}
   (You found it in a Gauntlet)

   [ring of strength]

   It affects your strength (+5).
   It affects your accuracy and damage with ranged weapons and melee attacks
   (+2).
   It insulates you from electricity.
 l - a ring of resist corrosion (right tentacle)
 n - an uncursed amulet of magic regeneration
 t - an amulet of the acrobat (around mantle)
 y - the ring "Mostrash" (on tentacle) {rElec MP+9 Int+4}
   (You took it off an ogre mage on level 15 of the Dungeon)

   [ring of magical power]

   It affects your intelligence (+4).
   It insulates you from electricity.
   It affects your magic capacity (+9).
 H - an uncursed ring of positive energy
 I - a ring of ice (on tentacle)
 N - an uncursed ring of see invisible
 T - a ring of magical power (on tentacle)
 X - the ring of the Mage (left tentacle) {Wiz MR++ Int+3}
   (You found it on level 3 of the Elven Halls)

   [ring of wizardry]

   It improves your spell success rate.
   It affects your intelligence (+3).
   It affects your resistance to hostile enchantments.
Scrolls
 g - 10 scrolls of teleportation
 i - 8 scrolls of remove curse {@r2}
 m - 2 scrolls of blinking
 x - 4 scrolls of fear
 B - a scroll of immolation
 E - a scroll of identify {@r1}
 R - 3 scrolls of fog
Potions
 b - 7 potions of heal wounds
 d - 15 potions of curing {@q1}
 e - 6 potions of flight
 k - 12 potions of mutation
 q - a potion of brilliance
 v - 5 potions of lignification
 C - 2 potions of berserk rage
 D - 3 potions of invisibility
 L - 2 potions of might
 O - 10 potions of haste
 P - 3 potions of cancellation
 V - 5 potions of agility
 W - 4 potions of magic
Books
 r - a manual of Air Magic
Comestibles
 f - 30 rations


   Skills:
 + Level 15.6 Fighting
 - Level 4.0(10.0) Short Blades
 - Level 13.7(14.0) Long Blades
 * Level 14.0 Dodging
 - Level 14.0 Stealth
 - Level 1.0 Shields
 - Level 8.0 Spellcasting
 - Level 4.0 Conjurations
 - Level 5.1 Hexes
 - Level 5.0 Charms
 - Level 11.0 Summonings
 - Level 4.9 Necromancy
 - Level 5.0 Translocations
 - Level 12.0 Air Magic


You couldn't memorise any spells.
You knew the following spells:

 Your Spells              Type           Power        Failure   Level  Hunger
a - Animate Dead          Necr           N/A          4%          4    ###....
b - Dazzling Spray        Conj/Hex       ####..       1%          3    None
c - Call Canine Familiar  Summ           ######..     1%          3    None
d - Regeneration          Chrm/Necr      ####......   1%          3    None
e - Summon Lightning Spi  Summ/Air       ######..     1%          4    ###....
f - Summon Forest         Summ/Tloc      #####.....   3%          5    #####..
g - Silence               Hex/Air        #####.....   2%          5    #####..
h - Deflect Missiles      Chrm/Air       #####.....   16%         6    ######.

Your spell library contained the following spells:

 Spells                   Type           Power        Failure   Level  Hunger
 Animate Skeleton         Necr           N/A          1%          1    None
 Confusing Touch          Hex            ####..       1%          1    None
 Flame Tongue             Conj/Fire      ###..        1%          1    None
 Infusion                 Chrm           ####         1%          1    None
 Magic Dart               Conj           ####         1%          1    None
 Pain                     Necr           ####         1%          1    None
 Sting                    Conj/Pois      ###.         1%          1    None
 Summon Small Mammal      Summ           ####         1%          1    None
 Call Imp                 Summ           ######..     1%          2    None
 Ensorcelled Hibernation  Hex/Ice        ####..       1%          2    None
 Poisonous Vapours        Pois/Air       ####..       1%          2    None
 Searing Ray              Conj           ####..       1%          2    None
 Shroud of Golubria       Chrm/Tloc      ####......   1%          2    None
 Slow                     Hex            ####....     1%          2    None
 Song of Slaying          Chrm           ####....     1%          2    None
 Sublimation of Blood     Necr           ####......   1%          2    None
 Confuse                  Hex            ####....     1%          3    None
 Gell's Gravitas          Tloc           ####......   1%          3    None
 Recall                   Summ/Tloc      N/A          1%          3    None
 Spectral Weapon          Hex/Chrm       ####....     1%          3    None
 Summon Guardian Golem    Hex/Summ       #####...     1%          3    None
 Vampiric Draining        Necr           ####......   1%          3    None
 Aura of Abjuration       Summ           ######....   1%          5    #####..
 Summon Demon             Summ           ######....   1%          5    #####..
 Sandblast                Erth           #.....       3%          1    None
 Summon Ice Beast         Ice/Summ       #####...     3%          4    ###....
 Summon Mana Viper        Hex/Summ       #####...     3%          5    #####..
 Stone Arrow              Conj/Erth      ###...       4%          3    None
 Cause Fear               Hex            ####......   4%          4    ###....
 Force Lance              Conj/Tloc      ####....     4%          4    ###....
 Fulminant Prism          Conj/Hex       ####......   4%          4    ###....
 Shadow Creatures         Summ           N/A          5%          6    ######.
 Iskenderun's Mystic Bla  Conj           ####....     6%          4    ###....
 Spider Form              Tmut/Pois      #.........   10%         3    None
 Leda's Liquefaction      Hex/Erth       ###.......   12%         4    ###....
 Sticky Flame             Conj/Fire      ###.....     14%         4    ###....
 Conjure Ball Lightning   Conj/Air       #####.....   17%         6    ######.
 Ice Form                 Ice/Tmut       ##......     30%         4    ###....
 Petrify                  Tmut/Erth      #.......     30%         4    ###....
 Metabolic Englaciation   Hex/Ice        ####......   30%         5    #####..
 Yara's Violent Unravell  Hex/Tmut       ###.......   30%         5    #####..
 Freezing Cloud           Conj/Ice/Air   #####.....   45%         6    ######.
 Simulacrum               Ice/Necr       ####......   85%         6    ######.
 Bolt of Cold             Conj/Ice       ####......   88%         6    ######.
 Ozocubu's Refrigeration  Ice            ##........   99%         6    ######.
 Statue Form              Tmut/Erth      #........    99%         6    ######.
 Discord                  Hex            ####......   100%        8    #######
 Tornado                  Air            ######....   100%        9    #######


Dungeon Overview and Level Annotations

Branches:
Dungeon (15/15)            Temple (1/1) D:7            Lair (6/6) D:11
  Swamp (0/4) Lair:4        Snake (0/4) Lair:3        Slime (3/5) Lair:6
    Orc (2/2) D:9             Elf (3/3) Orc:2        Vaults (0/5) D:14
 Depths (0/5) D:15

Altars:
Ashenzari
Cheibriados
Dithmenos
Elyvilon
Fedhas
Gozag
Hepliaklqana
Kikubaaqudgha
Makhleb
Nemelex Xobeh
Okawaru
Qazlal
Ru
Sif Muna
Trog
Uskayaw
Vehumet
Wu Jian
Xom
Yredelemnul
Zin
The Shining One
Beogh

Shops:
D:4 *   D:8 *   Orc:2 }(%?   Elf:1 [

Annotations:
Lair:1 exclusion: hydra


Innate Abilities, Weirdness & Mutations

You cannot wear most types of armour.
You are very stealthy in the water. (Stealth+)
You are amphibious.
You can wear up to eight rings at the same time.
You can use your tentacles to constrict eight enemies at once.
Your skin changes colour to match your surroundings (Stealth+).
Your rubbery body absorbs attacks. (AC +1, EV +1)
You cannot drink potions while threatened.
You cannot study or use magical devices.
You are somewhat inexperienced. (-2 XL)
You are missing an eye, making it more difficult to aim.
You are dopey. (Int -2)
Your system is resistant to poisons. (rPois)


Message History

You squeeze the very large slime creature!
You barely miss the azure jelly. You squeeze the azure jelly!
The azure jelly hits you! The azure jelly freezes you! You resist.
The azure jelly hits you. The azure jelly freezes you! You resist.
The azure jelly hits you but does no damage.
The azure jelly hits you!
You focus your will and illuminate the azure jelly in retribution!
The slime creature hits you but does no damage.
You are too injured to fight recklessly!
You barely miss the azure jelly.
The very large slime creature hits you!!
* * * LOW HITPOINT WARNING * * *
The azure jelly hits you.
* * * LOW HITPOINT WARNING * * *
The azure jelly freezes you!! You resist.
* * * LOW HITPOINT WARNING * * *
The azure jelly hits you.
* * * LOW HITPOINT WARNING * * *
The azure jelly freezes you! You resist.
You die...

##.......##...#
#♣....≈.≈≈≈ ...#
.......≈≈≈≈##...♣
......#≈≈≈..#...♣
...♣...≈........♣
#..#.♣.♣.......#
.#.....#....>..#♣
.......JJ.......#
.......@J.......♣
.........♣.....♣#
............♣..#
.#....#.........#
###...........##
##..........#
###...#....#
#...##..##
#....####


You could see an azure jelly, a very large slime creature and a slime creature.

Vanquished Creatures
  2 tentacled monstrosities (Elf:3)
  2 acid blobs (Slime:3)
  3 deep elf blademasters
  The ghost of inmateoo the Scorcher, an adept CeFE of Vehumet (Elf:3)
  An azure jelly (Slime:3)
  A frost giant (IceCv)
  6 deep elf sorcerers (Elf:3)
  A fire giant (D:15)
  6 deep elf elementalists
  Louise (D:15)
  3 cacodemons (Elf:3)
  An ironheart preserver (D:14)
  A stone giant (Orc:1)
  A war gargoyle (D:13)
  5 deep elf demonologists
  11 deep elf annihilators (Elf:3)
  Snorg (D:9)
  A minotaur (Gauntlet)
  The ghost of Poomuxku the Severer, a journeyman FoFi of Gozag (D:13)
  4 deep elf death magi (Elf:3)
  An ettin (Orc:1)
  6 deep elf high priests (Elf:3)
  Erolcha (Orc:1)
  4 hydras
  Harold (D:8)
  4 centaur warriors
  3 ogre magi
  28 dancing weapons
  15 two-headed ogres
  A catoblepas (Lair:6)
  11 death yaks
  An orc high priest (Elf:1)
  A hell hog (Gauntlet)
  Nergalle (Lair:1)
  13 deep elf knights
  Sonja (Lair:1)
  The ghost of Lanoc the Spear-Bearer, a novice MfMo of Fedhas (D:7)
  An unseen horror (D:12)
  2 deep trolls
  An unseen horror (shapeshifter) (Elf:3)
  15 deep elf archers
  A wolf spider zombie (D:12)
  7 large abominations (Elf:3)
  Pikel (D:5)
  39 deep elf magi
  4 orc knights
  2 oklob plants (Lair:6)
  4 manticores
  Maurice (Orc:1)
  2 cyclopes
  4 elephants
  2 centaur zombies
  The ghost of TheNamelessOne the Chiller, a novice OpIE of Sif Muna (D:7)
  5 black mambas
  The ghost of Thaneod the Destroyer, a novice DEIE of Vehumet (D:7)
  2 guardian serpents (D:15)
  An ice statue (IceCv)
  8 gargoyles (D:13)
  14 spiny frogs
  9 komodo dragons
  A kobold demonologist (D:11)
  4 rime drakes
  A rime drake (shapeshifter) (Elf:2)
  5 yaktaurs (D:15)
  A polar bear (shapeshifter) (Elf:2)
  A queen bee (Gauntlet)
  13 polar bears
  11 trolls
  Grinder (D:3)
  3 blink frogs (Lair:6)
  19 slime creatures
  A bog body (Lair:4)
  8 hippogriffs
  4 air elementals
  A vampire (D:15)
  4 water elementals
  3 fire bats (Gauntlet)
  4 wyverns
  A basilisk (shapeshifter) (Elf:3)
  3 basilisks
  37 yaks
  A hungry ghost (D:14)
  A steam dragon (D:10)
  6 vampire mosquitoes
  2 fire elementals (Elf:1)
  5 wargs
  2 nagas (Lair:3)
  Duvessa (D:7)
  6 water moccasins
  13 porcupines
  3 hell hounds (Gauntlet)
  A swamp drake (D:9)
  A porcupine (shapeshifter) (Elf:3)
  5 black bears
  21 orc warriors
  2 sky beasts
  A swamp drake (shapeshifter) (Elf:3)
  A hornet zombie (D:11)
  An ice beast (D:9)
  A slave (D:4)
  29 ogres
  7 centaurs
  2 phantoms
  2 eyes of draining
  33 wolves
  17 bullfrogs
  20 crocodiles
  A big kobold (D:11)
  2 earth elementals (Elf:2)
  A wyvern skeleton (D:11)
  Dowan (D:7)
  7 scorpions
  A water moccasin skeleton (D:12)
  4 killer bees (Gauntlet)
  2 wights (D:8)
  A vampire bat (D:6)
  An electric eel (Lair:1)
  A howler monkey (shapeshifter) (Elf:3)
  4 jellies
  4 howler monkeys
  10 crimson imps
  A bullfrog zombie (D:13)
  3 quasits
  11 hounds
  11 orc priests
  A hound (shapeshifter) (Elf:3)
  2 centaur skeletons
  26 orc wizards
  7 iguanas
  2 lightning spires (Gauntlet)
  7 hell rats (Lair:4)
  7 worker ants
  A hound skeleton (D:4)
  9 adders
  A river rat (shapeshifter) (Elf:3)
  2 shadow imps
  15 white imps
  2 oozes
  A worm (D:2)
  6 leopard geckos
  A leopard gecko (shapeshifter) (Elf:3)
  106 orcs
  4 giant cockroaches
  A giant cockroach (shapeshifter) (Elf:3)
  3 goblins
  A hobgoblin (shapeshifter) (Elf:3)
  5 hobgoblins
  11 jackals
  3 kobolds
  2 quokkas
  2 ball pythons
  11 bats
  2 frilled lizards (D:2)
  A jackal zombie (D:6)
  A leopard gecko zombie (D:5)
  A quokka skeleton (D:5)
  7 rats
  A spectral orc (D:6)
  4 plants (Lair:6)
905 creatures vanquished.

Vanquished Creatures (collateral kills)
  A deep elf blademaster (Elf:3)
  Gastronok (Lair:2)
  A hydra (D:14)
  A deep troll shaman (Lair:6)
  A two-headed ogre (Orc:2)
  A dancing weapon (Elf:3)
  A death yak (Lair:6)
  The ghost of royalsmiley the Shield-Bearer, a novice DDFi of Makhleb (D:7)
  A deep elf knight (Elf:2)
  The ghost of Moebius the Thaumaturge, a novice DEFE of Vehumet (D:10)
  An orc knight (Orc:1)
  A lindwurm (Lair:6)
  4 deep elf magi
  4 elephants
  A centaur skeleton (D:14)
  A spiny frog (Lair:1)
  A kobold demonologist (D:11)
  A troll (Orc:2)
  A polar bear (IceCv)
  A raiju (Gauntlet)
  A wraith (D:11)
  8 yaks
  A hungry ghost (D:8)
  A naga (Lair:3)
  2 porcupines
  An ice beast (D:6)
  A hornet zombie (D:8)
  4 orc warriors
  A black bear (D:11)
  A centaur (D:11)
  A necrophage (D:14)
  2 ogres
  A bullfrog (D:6)
  A wight (D:8)
  3 orc priests
  10 orcs
  2 kobolds (D:11)
67 creatures vanquished.

Vanquished Creatures (others)
  A centaur warrior (D:14)
  A spiny frog (Lair:4)
  A hippogriff (Lair:4)
  A slime creature (Slime:3)
  A wyvern (Lair:3)
  An ogre (Orc:2)
  A bullfrog (D:13)
  5 fungi
  11 plants
  3 snaplasher vines (Elf:2)
  2 withered plants (D:7)
28 creatures vanquished.

Grand Total: 1000 creatures vanquished

Notes
Turn   | Place    | Note
-------+----------+-------------------------------------------
     0 | D:1      | iamserjio the Octopode Wanderer began the quest for the
                  | Orb.
     0 | D:1      | iamserjio set off with the following items: a +2 dagger, a
                  | potion of heal wounds, a potion of curing {@q1}, a ration;
                  | and the following spell memorised: Magic Dart; and the
                  | following spells available to memorise: Dazzling Spray
     0 | D:1      | Reached XP level 1. HP: 11/11 MP: 2/2
   110 | D:1      | Reached skill level 1 in Dodging
   110 | D:1      | Reached XP level 2. HP: 15/18 MP: 0/3
   663 | D:2      | Reached skill level 1 in Fighting
   797 | D:2      | Reached skill level 1 in Short Blades
   797 | D:2      | Reached XP level 3. HP: 12/23 MP: 0/4
  1051 | D:2      | Reached XP level 4. HP: 18/28 MP: 5/5
  1618 | D:3      | Learned a level 3 spell: Dazzling Spray
  2306 | D:3      | Reached XP level 5. HP: 28/34 MP: 6/6
  2486 | D:3      | Reached skill level 2 in Fighting
  2552 | D:3      | Noticed Grinder
  2837 | D:3      | Reached XP level 6. HP: 16/40 MP: 7/7
  3214 | D:3      | HP: 2/41 [poisoned by a worker ant]
  3222 | D:3      | HP: 1/41 [poisoned by a worker ant]
  3798 | D:4      | Found Awnet's Assorted Antiques.
  3801 | D:4      | Bought a scroll labeled AWU LIWNUC for 26 gold pieces
  3801 | D:4      | Bought a scroll labeled YDILERUVEACU for 26 gold pieces
  3801 | D:4      | Bought a scroll labeled VEAXOS MIVVUSS for 26 gold pieces
  3801 | D:4      | Bought a cyan potion for 23 gold pieces
  4011 | D:4      | Reached XP level 7. HP: 36/45 MP: 8/8
  4180 | D:5      | Entered Level 5 of the Dungeon
  4222 | D:4      | Reached skill level 3 in Fighting
  4633 | D:5      | Learned a level 3 spell: Call Canine Familiar
  4651 | D:5      | Noticed Pikel
  4901 | D:5      | Found a blossoming altar of Fedhas.
  5139 | D:4      | Reached skill level 1 in Summonings
  5637 | D:5      | Reached skill level 5 in Dodging
  5637 | D:5      | Reached skill level 5 in Stealth
  5880 | D:5      | Learned a level 2 spell: Call Imp
  5888 | D:5      | Noticed a hippogriff
  5893 | D:5      | Found a shattered altar of Ashenzari.
  5894 | D:5      | Found a stormy altar of Qazlal.
  5921 | D:5      | Killed a hippogriff
  5921 | D:5      | Reached XP level 8. HP: 11/52 MP: 10/10
  6169 | D:5      | Found a shimmering altar of Xom.
  6228 | D:5      | Killed Pikel
  6228 | D:5      | Reached skill level 1 in Evocations
  6760 | D:5      | Reached skill level 4 in Fighting
  6934 | D:6      | Found a snail-covered altar of Cheibriados.
  6934 | D:6      | Found a blossoming altar of Fedhas.
  6934 | D:6      | Found a glowing silver altar of Zin.
  6958 | D:6      | Reached XP level 9. HP: 58/58 MP: 12/12
  7439 | D:6      | Found a radiant altar of Vehumet.
  7701 | D:6      | Found a basalt altar of Yredelemnul.
  8318 | D:7      | Noticed Duvessa
  8318 | D:7      | Noticed Dowan
  8327 | D:7      | Killed Duvessa
  8327 | D:7      | Reached skill level 5 in Fighting
  8334 | D:7      | Killed Dowan
  8341 | D:7      | Reached skill level 5 in Summonings
  8895 | D:7      | Found a staircase to the Ecumenical Temple.
  8914 | Temple   | Entered the Ecumenical Temple
  9120 | Temple   | Became a worshipper of Ru the Awakened
  9193 | D:7      | Found a burning altar of Makhleb.
  9609 | D:7      | Found a runed gate.
  9609 | D:7      | Found a runed gate.
  9611 | D:7      | Found a runed gate.
  9611 | D:7      | Noticed royalsmiley's ghost (novice DDFi)
  9613 | D:7      | Noticed Thaneod's ghost (novice DEIE)
  9613 | D:7      | Noticed Lanoc's ghost (novice MfMo)
  9615 | D:7      | Noticed TheNamelessOne's ghost (novice OpIE)
  9927 | D:8      | Noticed Harold
 10007 | D:8      | Found Bibb's Assorted Antiques.
 10014 | D:8      | Bought a scroll labeled YDILERUVEACU for 27 gold pieces
 10014 | D:8      | Bought a tapered lead wand for 108 gold pieces
 10014 | D:8      | Bought a scroll labeled PYROSHR TETAI for 27 gold pieces
 10332 | D:8      | Found a sparkling altar of Nemelex Xobeh.
 10343 | D:8      | Reached XP level 10. HP: 66/66 MP: 13/13
 10771 | D:8      | Noticed a two-headed ogre
 10781 | D:8      | Killed a two-headed ogre
 10839 | D:8      | Noticed a two-headed ogre
 10867 | D:8      | Killed a two-headed ogre
 10867 | D:8      | Reached skill level 6 in Fighting
 11176 | D:8      | Learned a level 4 spell: Summon Lightning Spire
 11432 | D:8      | Gained mutation: You are somewhat inexperienced. (-2 XL)
                  | [Ru sacrifice]
 11432 | D:8      | Reached XP level 9. HP: 56/62 MP: 12/12
 11432 | D:8      | Reached XP level 8. HP: 56/57 MP: 11/11
 11432 | D:8      | Reached * piety under Ru
 11432 | D:8      | Reached ** piety under Ru
 11601 | D:8      | Found a radiant altar of Vehumet.
 11607 | D:8      | Found a glowing golden altar of the Shining One.
 11680 | D:8      | Noticed a hippogriff
 11695 | D:8      | Killed a hippogriff
 12343 | D:8      | Reached skill level 1 in Air Magic
 12343 | D:8      | Reached XP level 9. HP: 44/63 MP: 9/12
 12945 | D:3      | Paralysed by Grinder for 6 turns
 13094 | D:3      | Killed Grinder
 14430 | D:9      | Noticed a troll
 14441 | D:9      | Killed a troll
 14441 | D:9      | Reached skill level 1 in Long Blades
 14843 | D:9      | Found a staircase to the Orcish Mines.
 15699 | D:10     | Entered Level 10 of the Dungeon
 15792 | D:10     | Noticed a two-headed ogre
 15795 | D:10     | Killed a two-headed ogre
 15795 | D:10     | Reached skill level 10 in Dodging
 15795 | D:10     | Reached XP level 10. HP: 44/69 MP: 13/15
 16028 | D:10     | Found a runed door.
 16158 | D:10     | Gained mutation: You cannot study or use magical devices.
                  | [Ru sacrifice]
 16158 | D:10     | Reached *** piety under Ru
 16158 | D:10     | Reached **** piety under Ru
 16158 | D:10     | Reached ***** piety under Ru
 17030 | D:10     | Noticed Moebius's ghost (novice DEFE)
 17339 | D:10     | Reached skill level 7 in Fighting
 17668 | D:11     | Noticed a kobold demonologist
 17668 | D:11     | Noticed a kobold demonologist
 18068 | D:11     | Killed a kobold demonologist
 18086 | D:11     | Killed a kobold demonologist
 18437 | D:11     | Noticed a manticore
 18455 | D:11     | Killed a manticore
 18818 | D:11     | Reached XP level 11. HP: 61/75 MP: 12/17
 18961 | D:11     | Found a staircase to the Lair.
 19738 | D:11     | Reached skill level 5 in Long Blades
 19738 | D:11     | Reached skill level 10 in Stealth
 20058 | D:12     | Noticed an unseen horror
 20063 | D:12     | Killed an unseen horror
 20079 | D:12     | Noticed a deep elf mage
 20475 | D:4      | Bought an embroidered hat for 182 gold pieces
 20586 | D:8      | Bought a potion of heal wounds for 135 gold pieces
 20786 | D:8      | Killed Harold
 20964 | Lair:1   | Entered Level 1 of the Lair of Beasts
 21015 | Lair:1   | Noticed Sonja
 21021 | Lair:1   | Killed Sonja
 21333 | Lair:1   | Noticed Nergalle
 21764 | Lair:1   | HP: 2/75 [poisoned by a spiny frog]
 22359 | Lair:1   | Noticed a seven-headed hydra
 22439 | Lair:1   | Killed Nergalle
 22439 | Lair:1   | Reached XP level 12. HP: 72/82 MP: 9/18
 23211 | Lair:2   | Noticed a four-headed hydra
 23215 | Lair:2   | Killed a four-headed hydra
 23259 | Lair:2   | Noticed Gastronok
 23284 | Lair:2   | Found a gate leading to a gauntlet.
 23300 | Gauntlet | Entered a Gauntlet
 23300 | Gauntlet | Found a transporter.
 23300 | Gauntlet | Found a transporter.
 23404 | Gauntlet | Found a transporter.
 23405 | Gauntlet | Found the ring of Robustness {AC+8}
 23408 | Gauntlet | Found a transporter.
 23420 | Gauntlet | Found a transporter.
 23422 | Gauntlet | Found a transporter.
 23431 | Gauntlet | Noticed a hell hog
 23432 | Gauntlet | Found a transporter.
 23454 | Gauntlet | Found a transporter.
 23454 | Gauntlet | Noticed an entropy weaver
 23471 | Gauntlet | Found a transporter.
 23475 | Gauntlet | Found a transporter.
 23475 | Gauntlet | Noticed a blizzard demon
 23485 | Gauntlet | Found a transporter.
 23489 | Gauntlet | Found a transporter.
 23618 | Gauntlet | Reached skill level 8 in Fighting
 23890 | Gauntlet | Reached skill level 5 in Air Magic
 24464 | Gauntlet | Killed a hell hog
 24481 | Gauntlet | Got a serpentine iron ring
 24490 | Gauntlet | Identified the ring of the Turtledove {rElec Str+5 Slay+2}
                  | (You found it in a Gauntlet)
 24554 | Gauntlet | Identified the +5 scimitar "Ujinlove" {freeze, rC+ Str+2
                  | Dex+4 Stlth+}
 24554 | Gauntlet | Identified the ring "Derul" {EV+4 Str+5 Int+2 Dex-5 Stlth+}
 24554 | Gauntlet | Noticed a minotaur
 24565 | Gauntlet | Killed a minotaur
 25601 | Lair:2   | Killed Gastronok
 25601 | Lair:2   | Reached XP level 13. HP: 89/90 MP: 13/19
 25682 | Lair:3   | Found a staircase to the Snake Pit.
 26171 | Lair:3   | Reached skill level 9 in Fighting
 26667 | Lair:3   | Learned a level 5 spell: Summon Forest
 26914 | Lair:3   | Gained mutation: You are missing an eye, making it more
                  | difficult to aim. [Ru sacrifice]
 27139 | Lair:4   | Reached skill level 1 in Translocations
 27143 | Lair:4   | Found a staircase to the Swamp.
 27156 | Lair:4   | Reached skill level 10 in Long Blades
 27757 | Lair:5   | Found an opulent altar of Gozag.
 28795 | Lair:6   | Entered Level 6 of the Lair of Beasts
 29233 | Lair:6   | Gained mutation: You cannot drink potions while threatened.
                  | [Ru sacrifice]
 29233 | Lair:6   | Reached ****** piety under Ru
 29626 | Lair:6   | Reached XP level 14. HP: 98/98 MP: 20/20
 29638 | Lair:6   | Reached skill level 10 in Fighting
 29833 | Lair:6   | Found a staircase to the Slime Pits.
 30399 | D:8      | Bought a potion of invisibility for 216 gold pieces
 30399 | D:8      | Bought a potion of invisibility for 216 gold pieces
 30463 | D:7      | Killed royalsmiley's ghost
 30470 | D:7      | Killed Lanoc's ghost
 30472 | D:7      | Killed TheNamelessOne's ghost
 30477 | D:7      | Killed Thaneod's ghost
 30477 | D:7      | Reached skill level 11 in Fighting
 30694 | D:12     | Identified the Incunabulum of Ghastly Poison
 31147 | D:13     | Identified Duudgheck's Catalogue of Clay and Heat
 31749 | D:13     | Noticed a war gargoyle
 31756 | D:13     | Killed a war gargoyle
 32008 | D:13     | Found a large runed door.
 32008 | D:13     | Found a large runed door.
 32017 | D:13     | Noticed Poomuxku's ghost (journeyman FoFi)
 32259 | D:14     | Reached skill level 5 in Spellcasting
 32481 | D:14     | Noticed an ironheart preserver
 32496 | D:14     | Killed an ironheart preserver
 32660 | D:14     | Found a gate to the Vaults.
 32873 | D:13     | Learned a level 5 spell: Silence
 32956 | D:14     | Reached XP level 15. HP: 77/108 MP: 23/23
 33385 | D:15     | Entered Level 15 of the Dungeon
 33417 | D:15     | Found a shadowy altar of Dithmenos.
 33467 | D:15     | Noticed a fire giant
 33476 | D:15     | Found a staircase to the Depths.
 34145 | D:15     | Identified the ring "Mostrash" {rElec MP+9 Int+4}
 34555 | D:15     | Killed a fire giant
 34568 | D:15     | Noticed Louise
 34603 | D:15     | Killed Louise
 34857 | D:15     | Learned a level 4 spell: Animate Dead
 34913 | D:13     | Killed Poomuxku's ghost
 34921 | D:13     | Got a brightly glowing scimitar
 35008 | D:10     | Killed Moebius's ghost
 35093 | D:10     | Identified the +4 scimitar of the Madman {speed, Dex+7}
                  | (You found it on level 13 of the Dungeon)
 35170 | Orc:1    | Entered Level 1 of the Orcish Mines
 35184 | Orc:1    | Found a frozen archway.
 35216 | IceCv    | Entered an ice cave
 35304 | IceCv    | Reached skill level 1 in Necromancy
 36342 | IceCv    | Noticed a frost giant
 36421 | IceCv    | Reached skill level 12 in Fighting
 36580 | IceCv    | Killed a frost giant
 36580 | IceCv    | Reached skill level 5 in Hexes
 36774 | Orc:1    | Noticed Erolcha
 36793 | Orc:1    | Killed Erolcha
 36830 | Orc:1    | Noticed Maurice
 36839 | Orc:1    | Killed Maurice
 36942 | Orc:2    | Entered Level 2 of the Orcish Mines
 36946 | Orc:2    | Noticed Snorg
 37073 | Orc:2    | Found Ycvys's Food Boutique.
 37073 | Orc:2    | Found Xoraare's Gadget Emporium.
 37074 | Orc:2    | Reached skill level 10 in Air Magic
 37084 | Orc:2    | Reached XP level 16. HP: 96/114 MP: 26/26
 37287 | D:9      | Killed Snorg
 38499 | Orc:2    | Found Wel Walub's Antique Weapon Boutique.
 38504 | Orc:2    | Found Degitef's Magic Scroll Shop.
 38512 | Orc:2    | Bought a scroll of magic mapping for 38 gold pieces
 38512 | Orc:2    | Bought a scroll of blinking for 82 gold pieces
 38512 | Orc:2    | Bought a scroll of fog for 22 gold pieces
 38589 | Orc:2    | Found a roughly hewn altar of Beogh.
 38626 | Orc:2    | Found a staircase to the Elven Halls.
 38860 | Orc:2    | Bought a fine scimitar for 225 gold pieces
 38865 | Orc:2    | Bought a scroll of identify for 22 gold pieces
 38865 | Orc:2    | Identified the +8 scimitar "Tuceg" {slice, +Inv Str+4
                  | Stlth+} (You bought it in a shop on level 2 of the Orcish
                  | Mines)
 38905 | Elf:1    | Entered Level 1 of the Elven Halls
 39816 | Elf:1    | Found Kaskovint's Antique Armour Boutique.
 40221 | Elf:2    | Found a runed gate.
 40221 | Elf:2    | Found a runed gate.
 40540 | Elf:2    | Found a runed gate.
 40902 | Elf:2    | Reached skill level 13 in Fighting
 41262 | Elf:2    | Reached XP level 17. HP: 123/123 MP: 29/29
 41878 | Elf:3    | Entered Level 3 of the Elven Halls
 41898 | Elf:3    | Found a runed gate.
 41898 | Elf:3    | Found a runed gate.
 41898 | Elf:3    | Found a runed gate.
 41899 | Elf:3    | Noticed a tentacled monstrosity
 41914 | Elf:3    | Noticed a tentacled monstrosity
 42262 | Elf:3    | Reached skill level 10 in Summonings
 42262 | Elf:3    | Noticed a deep elf blademaster
 42269 | Elf:3    | Noticed a deep elf blademaster
 42698 | Elf:3    | Learned a level 3 spell: Regeneration
 42791 | Elf:3    | Killed a deep elf blademaster
 42791 | Elf:3    | Reached skill level 5 in Translocations
 43133 | Elf:3    | Killed a deep elf blademaster
 43432 | Elf:3    | Noticed a deep elf blademaster
 43448 | Elf:3    | Killed a deep elf blademaster
 43834 | Elf:3    | Reached skill level 14 in Fighting
 44280 | Elf:3    | Reached skill level 5 in Charms
 44284 | Elf:3    | Gained mutation: Your system is resistant to poisons.
                  | (rPois) [a neqoxec]
 44412 | Elf:3    | Identified the cursed +2 glaive of the Desert {chop, rC+
                  | SInv Stlth+}
 44536 | Elf:3    | Reached XP level 18. HP: 132/132 MP: 30/30
 44546 | Elf:3    | Found the +10 zealot's sword {holy, *Rage rN+ EV+3}
 44619 | Elf:3    | Identified the Guide on Malediction and Intoxication
 44650 | Elf:3    | Found the ring of the Mage {Wiz MR++ Int+3}
 44908 | Elf:3    | Killed a tentacled monstrosity
 44909 | Elf:3    | Killed a tentacled monstrosity
 45096 | Elf:3    | Found a runed gate.
 45096 | Elf:3    | Found a runed gate.
 45101 | Elf:3    | Found a runed gate.
 45108 | Elf:3    | Noticed inmateoo's ghost (adept CeFE)
 45129 | Elf:3    | Gained mutation: You are dopey. (Int -2) [a cacodemon]
 45139 | Elf:3    | Killed inmateoo's ghost
 45190 | Elf:3    | Learned a level 6 spell: Deflect Missiles
 45457 | Elf:2    | Reached skill level 15 in Fighting
 45468 | Elf:2    | Noticed a deep elf blademaster
 45810 | Elf:2    | Killed a deep elf blademaster
 47461 | Slime:1  | Entered Level 1 of the Pits of Slime
 47505 | Slime:1  | You fall through a shaft!
 48228 | Slime:3  | Mangled by an azure jelly

Vault maps used:
D:1:      zelgadis_glass_arrival_small
D:2:      minmay_heptomino_l4
D:3:      uniq_grinder
D:4:      serial_shops, kennysheep_mini, first_ration
D:5:      chequers_temple_overflow_statue_of_worship, basic_altar,
          fedhas_altar_fruit_tree, uniq_pikel
D:6:      yredelemnul_forgotten_temple_becter,
          gammafunk_temple_overflow_forgotten, roderic_batcave,
          supply_closet_lemuel, vehumet_altar_wand_db
D:7:      minmay_temple_entry_wispy, gammafunk_ghost_cemetery,
          interstate_on_off, makhleb_heckhound_becter, uniq_duvessa
D:8:      minmay_s_stair_smasher, amethyst_overflow_temple_binary,
          nemelex_xobeh_ov_fountains_minmay, serial_shops, shop_statue,
          uniq_harold
D:9:      erik_orc_1
D:10:     serial_glass, glass_columns_c, glass_columns_a,
          ebering_ghost_reflecting_pool, minmay_nine_imps
D:11:     minmay_lair_entry_grove
D:13:     gargoyle_guard, ebering_ghost_disaster_area
D:14:     skrybe_vaults_entry_preservation
D:15:     grunt_enter_depths_giant_problem, special_room, grunt_dithmenos_smoke,
          nrook_guardian_serpent_ordinary, uniq_louise
Temple:   nicolae_temple_figure_eight
Lair:1:   serial_bayou_shore_a, grunt_megastairs_2, uniq_sonja, uniq_nergalle
Lair:2:   gauntlet_entry_generic, uniq_gastronok
Lair:3:   guppyfry_snake_entry_island, st_stairs_6, infiniplex_staircase_pool_2,
          grunt_megastairs_5
Lair:4:   skrybe_swamp_entry_bodies, grunt_megastairs_3
Lair:5:   basic_altar, serial_bayou_crossing, lemuel_fruit_tree
Lair:6:   grunt_lair_end_beastmaster, minmay_slime_entry_oklob_open
Slime:1:  cheibrodos_slime_lost_civilization_8
Orc:1:    portal_ice_cave_entry_imps, serial_shops, nicolae_shop_stone,
          uniq_erolcha, uniq_maurice
Orc:2:    st_orc_open, basic_altar, uniq_snorg
Elf:1:    elf_arrival_001, serial_shops, nicolae_shop_overgrown_old_shop,
          orc_legates
Elf:3:    minmay_elf_hall_hex, ploomutoo_gammafunk_ghost_potion_laboratory,
          serial_aquarium, aquarium_bridge_square, aquarium_window_corridor_2,
          aquarium_window_corner, aquarium_window_corner, aquarium_view_2a,
          minmay_strange_pillars
IceCv:    ice_cave_caverns_01
Gauntlet: gammafunk_gauntlet_hard_choice

Skill      XL: |  1  2  3  4  5  6  7  8  9 10 11 12 13 14 15 16 17 18 |
---------------+-------------------------------------------------------+-----
Dodging        | 1 2 3 4 5 6 10 9 11 12 14 | 14.0
Fighting       | 1 2 3 4 5 7 8 9 11 12 13 14 15 | 15.6
Short Blades   | 1 2 3 4 |  4.0
Stealth        | 2 3 4 5 7 9 11 13 14 | 14.0
Summonings     | 2 4 5 6 7 8 9 11 | 11.0
Spellcasting   | 2 3 4 5 6 8 |  8.0
Evocations     | 2 0 |  0.0
Air Magic      | 1 2 3 4 5 7 10 11 12 | 12.0
Long Blades    | 2 4 7 9 11 12 13 | 13.7
Translocations | 4 5 |  5.0
Hexes          | 5 |  5.1
Necromancy     | 4 |  4.9
Charms         | 5 |  5.0
Shields        | |  1.0
Conjurations   | |  4.0

Action                   |  1- 3 |  4- 6 |  7- 9 | 10-12 | 13-15 | 16-18 || total
-------------------------+-------+-------+-------+-------+-------+-------++-------
Melee: Dagger            |    40 |   132 |   492 |   419 |     3 |     4 ||  1090
       Constrict         |     6 |    29 |    91 |    74 |    71 |    95 ||   366
       Tentacles         |     4 |    29 |   124 |   152 |   214 |   205 ||   728
       Falchion          |       |       |    18 |     5 |       |       ||    23
       Unarmed           |       |       |     1 |       |       |       ||     1
       Long sword        |       |       |       |    50 |       |       ||    50
       Scimitar          |       |       |       |    48 |   672 |   488 ||  1208
       Broad axe         |       |       |       |       |    12 |       ||    12
       Double sword      |       |       |       |       |       |   100 ||   100
       Eudemon blade     |       |       |       |       |       |    33 ||    33
 Fire: Hunting sling     |       |       |    25 |       |       |       ||    25
Throw: Stone             |       |       |       |     1 |       |       ||     1
 Cast: Magic Dart        |    13 |     5 |       |       |       |       ||    18
       Call Canine Famil |       |       |    24 |    34 |    13 |     5 ||    76
       Dazzling Spray    |       |       |     7 |     9 |       |       ||    16
       Call Imp          |       |       |     1 |     1 |       |       ||     2
       Summon Lightning  |       |       |       |    23 |    44 |    12 ||    79
       Animate Dead      |       |       |       |       |     1 |     3 ||     4
       Silence           |       |       |       |       |     1 |    18 ||    19
       Regeneration      |       |       |       |       |       |     7 ||     7
       Summon Forest     |       |       |       |       |       |     4 ||     4
       Deflect Missiles  |       |       |       |       |       |     1 ||     1
Invok: Sacrifice Experie |       |       |     1 |       |       |       ||     1
       Draw Out Power    |       |       |       |     4 |     1 |     1 ||     6
       Sacrifice Artific |       |       |       |     1 |       |       ||     1
       Apocalypse        |       |       |       |     3 |    10 |    11 ||    24
       Sacrifice Drink   |       |       |       |       |     1 |       ||     1
       Sacrifice an Eye  |       |       |       |       |     1 |       ||     1
Evoke: Wand              |       |       |     3 |     1 |       |       ||     4
  Use: Scroll            |     1 |     5 |    10 |     9 |    18 |     9 ||    52
       Potion            |       |     1 |     2 |     6 |     1 |     1 ||    11
 Stab: Sleeping          |     7 |    14 |    23 |    30 |    41 |    22 ||   137
       Distracted        |       |       |     4 |     9 |    27 |     4 ||    44
       Invisible         |       |       |     3 |    11 |     5 |     5 ||    24
       Paralysed         |       |       |       |     2 |     7 |    15 ||    24
       Petrifying        |       |       |       |       |     1 |       ||     1
  Eat: Chunk             |     1 |     9 |    26 |    27 |    41 |    11 ||   115
       Ration            |       |       |     4 |     7 |     2 |    11 ||    24
Armor: Skin              |     4 |     2 |    24 |     8 |    63 |    79 ||   180
Dodge: Dodged            |    21 |    67 |   316 |   334 |   465 |   396 ||  1599
       Deflected         |       |       |       |       |       |     2 ||     2
       Rpst.: Falchion   |       |       |     3 |     2 |       |       ||     5
       Scimitar          |       |       |       |    15 |   106 |    51 ||   172
       Long sword        |       |       |       |     7 |       |       ||     7
       Double sword      |       |       |       |       |       |    19 ||    19
       Eudemon blade     |       |       |       |       |       |     3 ||     3

Table legend:
 A = Non-vault XP
 B = Vault XP
 C = Vault XP percentage of total XP
 D = Non-vault monster count
 E = Vault monster count
 F = Vault count percentage of total count
                 A         B        C        D         E       F
            +---------+---------+-------+---------+---------+-------
      Total |  128458 |  172394 |  57.3 |     580 |     392 |  40.3
            +---------+---------+-------+---------+---------+-------
        D:1 |      16 |       0 |   0.0 |       8 |       0 |   0.0
        D:2 |      87 |      16 |  15.5 |      15 |       4 |  21.1
        D:3 |     204 |     203 |  49.9 |      22 |       1 |   4.3
        D:4 |     547 |       0 |   0.0 |      27 |       0 |   0.0
        D:5 |     760 |     593 |  43.8 |      23 |       1 |   4.2
        D:6 |    1110 |      67 |   5.7 |      25 |      10 |  28.6
        D:7 |     534 |    2234 |  80.7 |      20 |       7 |  25.9
        D:8 |    2049 |    2224 |  52.0 |      23 |      14 |  37.8
        D:9 |    1087 |    2147 |  66.4 |      15 |      19 |  55.9
       D:10 |    1313 |    1351 |  50.7 |       7 |      14 |  66.7
       D:11 |    4630 |     717 |  13.4 |      41 |       7 |  14.6
       D:12 |    3023 |       0 |   0.0 |       9 |       0 |   0.0
       D:13 |    3372 |    6077 |  64.3 |      18 |      12 |  40.0
       D:14 |    8600 |    3335 |  27.9 |      27 |       8 |  22.9
       D:15 |    6494 |    5103 |  44.0 |      22 |      29 |  56.9
     Lair:1 |    4527 |    1751 |  27.9 |      21 |       3 |  12.5
     Lair:2 |    7227 |    2159 |  23.0 |      32 |       1 |   3.0
     Lair:3 |    4777 |     370 |   7.2 |      22 |       3 |  12.0
     Lair:4 |    3644 |     555 |  13.2 |      21 |       3 |  12.5
     Lair:5 |    3780 |       0 |   0.0 |      17 |       0 |   0.0
     Lair:6 |    8388 |    9081 |  52.0 |      18 |      20 |  52.6
    Slime:1 |    1267 |       0 |   0.0 |       5 |       0 |   0.0
    Slime:2 |    4182 |       0 |   0.0 |      14 |       0 |   0.0
    Slime:3 |    6804 |       0 |   0.0 |       4 |       0 |   0.0
      Orc:1 |    3628 |    2954 |  44.9 |      12 |      17 |  58.6
      Orc:2 |    3473 |   12437 |  78.2 |      39 |      33 |  45.8
      Elf:1 |   14541 |   13916 |  48.9 |      27 |      31 |  53.4
      Elf:2 |   16424 |   25027 |  60.4 |      29 |      31 |  51.7
      Elf:3 |   11970 |   63934 |  84.2 |      17 |      57 |  77.0
      IceCv |       0 |   12193 | 100.0 |       0 |      51 | 100.0
   Gauntlet |       0 |    3950 | 100.0 |       0 |      16 | 100.0
            +---------+---------+-------+---------+---------+-------
